Map: Redshift LE

Players

Bly

  • Race: Zerg Zerg
  • Spawn Location: 7:00

Seither - Winner!

  • Race: Terran Terran
  • Spawn Location: 11:00

Event: WCS Austin 2018

VOD

Have the link to the VOD?

Description

Time

  • Played on: June 1, 2018, 10:49 p.m.
  • Length: 13:38

All games in this series

Show
View Real Time Build Order
Export as new Build Order

Bly Zerg 

Build Orders: Pool First 

Get SALT Encoding   

  12  0:01  Drone  
  13  0:12  Overlord  
  13  0:18  Drone  
  14  0:31  Drone x2  
  16  0:40  Spawning Pool  
  15  0:44  Drone  
  15  0:49  Drone  
  17  1:10  Hatchery  
  16  1:12  Drone  
  16  1:15  Extractor  
  16  1:17  Drone  
  17  1:26  Queen  
  17  1:30  Zergling x2  
  20  1:33  Drone  
  21  1:40  Overlord  
  21  1:52  Drone  
  22  2:01  Drone  
  22  2:02  Queen  
  25  2:14  Drone  
  26  2:22  Drone x2, Queen  
  29  2:30  Metabolic Boost  
  29  2:35  Drone x4  
  33  2:44  Overlord  
  33  2:55  Hatchery  
  33  2:58  Drone x2  
  33  3:03  Drone x2  
  37  3:05  Drone  
  37  3:08  Drone x2  
  37  3:12  Drone  
  40  3:15  Drone x2  
  40  3:19  Drone x2  
  44  3:26  Overlord  
  44  3:30  Evolution Chamber  
  44  3:32  Overlord  
  43  3:36  Drone  
  43  3:39  Extractor  
  43  3:40  Overlord  
  43  3:43  Overlord  
  43  3:44  Queen  
  45  3:53  Overlord, Drone x2  
  45  3:54  Drone  
  48  3:58  Zerg Ground Armor Level 1  
  48  3:59  Drone  
  49  4:05  Drone  
  49  4:07  Queen  
  49  4:09  Queen  
  54  4:15  Drone x2  
  54  4:16  Drone x2  
  58  4:24  Zergling x2  
  58  4:25  Zergling x10  
  64  4:31  Zergling x4  
  64  4:34  Zergling x2  
  67  4:39  Zergling x2  
  68  4:47  Zergling x4  
  68  4:51  Zergling x10  
  75  4:57  Baneling Nest  
  75  4:58  Lair  
  72  5:10  Drone  
  72  5:11  Drone x3  
  72  5:12  Overlord x2  
  72  5:14  Overlord  
  76  5:20  Hatchery  
  65  5:30  Drone x7  
  69  5:39  Zergling x2  
  69  5:40  Zergling x12  
  74  5:44  Evolution Chamber, Extractor  
  74  5:45  Queen x2  
  74  5:47  Zergling x2, Extractor  
  74  5:48  Zergling x2  
  77  5:52  Baneling x2  
  77  5:54  Zergling x4  
  79  6:00  Infestation Pit  
  77  6:04  Zergling x2  
  77  6:05  Zergling x4  
  77  6:09  Centrifical Hooks  
  77  6:10  Drone  
  81  6:19  Drone x3  
  81  6:22  Zerg Melee Weapons Level 1  
  81  6:23  Drone, Roach Warren  
  84  6:27  Hatchery  
  83  6:35  Zergling x8  
  87  6:41  Drone x2, Extractor x2  
  87  6:42  Drone x3  
  87  6:45  Zerg Ground Armor Level 2  
  90  6:51  Baneling  
  90  6:53  Baneling  
  90  6:55  Drone  
  90  6:56  Drone x7  
  88  7:13  Zergling x8  
  82  7:19  Zergling x2  
  82  7:20  Zergling x20  
  84  7:28  Zergling x2  
  84  7:29  Zergling x8  
  73  7:39  Zergling x12  
  71  7:45  Baneling x8  
  71  7:54  Drone x12  
  71  7:56  Baneling x2  
  80  8:13  Zergling x6  
  80  8:14  Zergling x4  
  80  8:16  Hatchery  
  84  8:21  Hatchery  
  84  8:22  Hive  
  82  8:39  Roach x7  
  82  8:40  Roach x3  
  102  8:43  Glial Reconstitution  
  102  8:47  Baneling  
  102  8:48  Baneling x4  
  102  8:49  Infestor  
  102  8:50  Infestor  
  103  8:58  Queen x2  
  106  9:08  Zerg Melee Weapons Level 2  
  105  9:10  Drone x4  
  105  9:12  Overlord x2  
  105  9:15  Overlord  
  109  9:19  Zergling x6  
  112  9:37  Roach x6  
  112  9:38  Roach x4  
  111  9:48  Ultralisk Cavern  
  108  10:03  Zergling x4  
  108  10:04  Zergling x24  
  104  10:22  Baneling x2  
  104  10:26  Baneling x8  
  104  10:27  Baneling  
  104  10:30  Drone x2  
  104  10:31  Zergling x2  
  104  10:32  Extractor, Zergling x20  
  108  10:57  Ultralisk x3  
  110  11:05  Chitinous Plating  
  110  11:06  Ultralisk  
  114  11:11  Drone x2  
  116  11:19  Ravager  
  116  11:20  Ravager x3  
  116  11:22  Zergling x16  
  128  11:38  Drone x3  
  130  11:44  Baneling  
  130  11:45  Baneling x7, Zergling x6  
  130  11:46  Zergling x12  
  136  11:55  Zergling x2  
  136  11:56  Zergling x10  
  136  12:00  Overlord x2  
  140  12:13  Zergling x10  
  108  12:23  Ultralisk x2  
  118  12:37  Baneling x2  
  118  12:39  Ultralisk x2  
  118  12:40  Zergling x12  
  128  12:48  Zergling x2  
  128  12:49  Zergling x10  
  133  12:51  Baneling  
  133  12:52  Baneling  
  132  13:01  Zergling x2  
  132  13:05  Zergling x10  
Show
View Real Time Build Order
Export as new Build Order

Seither Terran - Winner!

Build Orders: Reaper Expand, Bio Tank 

Get SALT Encoding   

  12  0:00  SCV  
  13  0:13  SCV  
  14  0:17  Supply Depot  
  14  0:25  SCV  
  15  0:39  SCV  
  15  0:42  Barracks  
  16  0:44  Refinery  
  16  0:51  SCV  
  17  1:03  SCV  
  18  1:15  SCV  
  19  1:30  Orbital Command, Reaper  
  20  1:41  Command Center  
  20  1:51  Barracks  
  20  1:55  SCV  
  21  2:04  Barracks Reactor  
  21  2:08  SCV  
  22  2:18  Refinery, Supply Depot  
  22  2:20  SCV  
  23  2:37  Factory  
  23  2:38  Barracks Tech Lab  
  23  2:40  SCV  
  23  2:41  Marine x2  
  26  2:52  SCV  
  26  2:57  Orbital Command  
  27  3:00  Stimpack, Marine x2  
  27  3:04  Marine  
  30  3:10  SCV  
  31  3:20  Marine x2  
  31  3:21  Marine  
  31  3:22  SCV  
  35  3:28  Starport, Factory Reactor  
  35  3:31  SCV  
  35  3:37  SCV  
  35  3:39  Marine x3  
  39  3:46  SCV  
  39  3:48  Supply Depot  
  40  3:56  Marine  
  40  3:57  Marine x2, SCV  
  40  3:58  SCV  
  45  4:12  Medivac x2, Supply Depot  
  45  4:15  Marine x3, SCV x2  
  54  4:20  Supply Depot  
  54  4:27  Engineering Bay  
  54  4:30  Engineering Bay  
  54  4:34  SCV x2  
  54  4:36  Marine x3  
  59  4:47  SCV x2  
  59  4:51  Supply Depot  
  61  4:57  Terran Infantry Weapons Level 1, Terran Infantry Armor Level 1  
  61  4:59  SCV x2  
  63  5:04  Marine x3  
  66  5:08  Combat Shields  
  66  5:11  SCV  
  66  5:12  SCV  
  68  5:22  Marine x3  
  68  5:23  SCV  
  68  5:24  SCV  
  70  5:31  Command Center  
  67  5:39  Marine x2  
  67  5:40  Marine  
  66  5:43  Medivac x2  
  66  5:45  Refinery, Supply Depot  
  66  5:47  Refinery  
  70  5:51  Factory Tech Lab, SCV  
  70  5:52  SCV  
  72  5:57  Marine x3  
  72  6:04  SCV x2  
  76  6:15  Marine  
  77  6:18  Barracks  
  77  6:19  Barracks  
  77  6:21  Barracks, Marine  
  77  6:22  Marine  
  79  6:26  SCV x2  
  79  6:30  Armory, Siege Tank  
  84  6:33  Marine  
  84  6:38  Supply Depot, SCV  
  86  6:43  Supply Depot, Marine x2, SCV  
  86  6:46  Orbital Command  
  89  6:50  SCV  
  89  6:51  Marine  
  91  6:55  SCV  
  91  6:56  Medivac  
  91  6:59  Medivac  
  91  7:01  Marine x2  
  98  7:02  SCV  
  98  7:07  SCV  
  92  7:18  Marine  
  92  7:19  Barracks Reactor, Marine x2  
  92  7:21  Siege Tank  
  92  7:22  Barracks Reactor x2  
  93  7:26  SCV x2  
  93  7:36  Marine  
  93  7:37  Marine x2, SCV  
  93  7:38  SCV  
  93  7:41  Factory  
  93  7:42  Refinery  
  93  7:43  Refinery  
  89  7:47  Terran Infantry Weapons Level 2  
  89  7:52  SCV x2  
  89  7:53  Siege Tank, Terran Infantry Armor Level 2  
  89  7:54  Command Center, Marine x2  
  89  7:55  Marine  
  97  8:02  Supply Depot x2  
  97  8:04  SCV  
  97  8:05  SCV x2  
  100  8:14  Marine x3  
  100  8:15  Marine x5  
  100  8:16  Medivac x2  
  112  8:21  SCV x3  
  115  8:30  Marine  
  115  8:31  Siege Tank  
  115  8:32  Marine x2, Factory Tech Lab  
  121  8:34  Supply Depot  
  121  8:36  Supply Depot  
  121  8:44  Marine x6  
  121  8:47  Marine  
  128  8:49  Medivac x2  
  128  8:50  Marine  
  133  8:55  Marine  
  133  8:59  Supply Depot  
  133  9:01  Marine  
  133  9:02  Barracks, Supply Depot  
  128  9:03  Siege Tank  
  128  9:04  Barracks x2  
  128  9:06  Siege Tank  
  131  9:19  Marauder, Marine x4  
  131  9:20  Medivac  
  131  9:21  Medivac  
  131  9:23  Terran Vehicle Weapons Level 1  
  140  9:35  Siege Tank  
  140  9:38  Marine x4  
  140  9:39  Marine x2, Siege Tank  
  140  9:41  Marauder  
  140  9:45  Planetary Fortress  
  148  9:47  Marine x2  
  148  9:51  Barracks Tech Lab x3  
  150  9:56  Marine x2  
  149  10:02  Marauder  
  148  10:09  Marine x4  
  148  10:11  Siege Tank x2  
  148  10:13  Medivac  
  134  10:23  Marine x4  
  134  10:24  Marauder  
  134  10:28  Marine x4  
  144  10:29  Marauder, Command Center  
  144  10:34  Marine x2  
  148  10:41  Marine x4  
  150  10:45  Marine x2, Marauder, Terran Infantry Weapons Level 3  
  150  10:46  Marine x2  
  150  10:49  Marine  
  143  10:50  SCV  
  143  10:51  SCV x2  
  143  10:52  Marine  
  143  10:53  Marauder  
  148  10:59  Marine x2  
  148  11:03  SCV x2  
  145  11:05  Marine x6  
  145  11:07  Marauder  
  153  11:13  SCV  
  153  11:15  SCV x2  
  156  11:19  Marine x4  
  156  11:20  Marauder  
  156  11:22  Siege Tank  
  156  11:23  Siege Tank  
  156  11:25  Refinery, SCV  
  169  11:26  Refinery  
  169  11:27  SCV x2  
  169  11:31  Supply Depot  
  170  11:36  Marine x4  
  170  11:37  Marauder  
  170  11:38  Marine x3  
  179  11:47  Marine  
  179  11:51  Marine, Supply Depot x2  
  179  11:52  Marauder x2  
  179  11:54  Marine x2, Siege Tank  
  181  11:59  Marine x2  
  181  12:00  Supply Depot  
  188  12:06  Marine  
  188  12:10  Marine  
  188  12:12  Marine x4  
  188  12:13  Marauder, Siege Tank  
  188  12:14  Marauder  
  196  12:19  Marauder, Marine x3  
  178  12:24  Marine  
  178  12:27  Siege Tank  
  178  12:28  Marine  
  178  12:29  Medivac  
  184  12:30  Marine x3  
  184  12:31  Marauder  
  184  12:34  Marine  
  184  12:35  Marine  
  184  12:37  Marine x3  
  191  12:41  Marauder  
  191  12:42  Marine  
  191  12:44  SCV x3  
  181  13:16  Marine x4  
  181  13:17  Marauder  
  181  13:19  Marine x4  
  183  13:31  Command Center  
Tags
 
Add a new tag
Caveats
  • Supply blocks, unpowered buildings, or Contaminate may cause inaccurate times.
  • Supply counts are checked every 10 seconds.